Sénateurs vs Sabres
(R1)
Created - 10 novembre 2013 at 19:02
Goals
|
| Sénateurs |
3 |
0 |
2 |
5 |
| Sabres |
2 |
0 |
0 |
2 |
|
Shots
|
| Sénateurs |
12 |
10 |
10 |
32 |
| Sabres |
20 |
6 |
6 |
32 |
|
1st period
1. Sénateurs , Todd Bertuzzi 5 (Daymond Langkow, Jay McKee) at 4:55
2. Sénateurs , Todd Bertuzzi 6 (Andy McDonald, Jonas Hiller) at 5:29
3. Sénateurs , Sami Kapanen 2 (Chris Kelly, Jay McKee) at 7:57
4. Sabres , James Neal 2 (Dominic Moore, Ole-Kristian Tollefsen) at 13:01 (SH)
5. Sabres , Dennis Wideman 3 (Johnny Boychuk, Dominic Moore) at 17:02
Penalties :
Daniel Cleary (Buf) for Interference (Minor) at 12:44, Ville Nieminen (Ott) for Interference (Minor) at 18:31
2nd period
No Goal
Penalties :
Dennis Wideman (Buf) for Hooking (Minor) at 7:52, Dan Hinote (Ott) for Hooking (Minor) at 10:36, Vitaly Vishnevsky (Ott) for Interference (Minor) at 11:46, Dominic Moore (Buf) for Tripping (Minor) at 18:19
3rd period
6. Sénateurs , Daymond Langkow 8 (Todd Bertuzzi, Vitaly Vishnevsky) at 11:08
7. Sénateurs , Sami Salo 1 (Jay McKee) at 17:38 (PP)
Penalties :
Steve Downie (Buf) for Hooking (Minor) at 4:33, Daymond Langkow (Ott) for Hooking (Minor) at 7:50, Nikita Alexeev (Ott) for Hooking (Minor) at 10:54, Niclas Bergfors (Buf) for Holding (Minor) at 10:58, James Neal (Buf) for Holding Stick (Minor) at 17:03, Nikita Alexeev (Ott) for Holding (Minor) at 19:31
Goalie Stats
Jonas Hiller (Ott), 30 saves from 32 shots - (0,938), W, 6-3-0, 60:00 minutes
Michal Neuvirth (Buf), 27 saves from 32 shots - (0,844), L, 1-6-1, 60:00 minutes
Players Stats for Sénateurs
Player Name G A P +/- PIM S H SB GA TA FO MP PP MP PK MP
------------------------------------------------------------------------------------
Andy McDonald 0 1 1 0 0 0 2 0 2 0 2/3 17:49 4:50 1:14
Chris Kelly 0 1 1 1 0 1 2 0 1 1 1/4 12:16 0:00 1:45
Dan Girardi 0 0 0 0 0 0 1 0 0 0 0/0 10:12 0:00 1:07
Dan Hinote 0 0 0 0 2 2 0 0 0 0 0/1 8:32 0:01 0:11
Daymond Langkow 1 1 2 1 2 3 3 1 0 0 9/21 21:45 4:54 3:30
Jay McKee 0 3 3 3 0 1 1 1 0 0 0/0 29:30 4:50 4:33
Nikita Alexeev 0 0 0 0 4 2 1 0 0 0 1/1 15:09 3:44 0:00
Paul Gaustad 0 0 0 0 0 5 0 0 0 0 7/13 16:19 3:40 1:03
Ray Whitney 0 0 0 0 0 2 1 2 0 0 2/2 14:53 3:40 0:00
Richard Jackman 0 0 0 -1 0 2 2 2 0 1 0/0 21:25 3:45 3:06
Sami Kapanen 1 0 1 1 0 6 0 0 1 0 0/0 10:46 0:01 0:00
Sami Salo 1 0 1 -1 0 2 1 2 1 0 0/0 21:25 3:45 3:06
Sean Avery 0 0 0 1 0 1 0 0 1 0 1/2 11:39 0:00 1:31
Todd Bertuzzi 2 1 3 1 0 3 2 1 2 0 6/11 23:31 4:54 5:15
Toni Lydman 0 0 0 0 0 0 0 1 0 0 0/0 9:05 0:00 0:00
Vernon Fiddler 0 0 0 0 0 2 1 0 0 0 2/3 8:41 0:01 0:00
Ville Nieminen 0 0 0 0 2 0 0 0 1 0 0/0 8:12 0:00 0:00
Vitaly Vishnevsky 0 1 1 3 2 0 3 1 1 0 0/0 28:22 4:50 3:25
Players Stats for Sabres
Player Name G A P +/- PIM S H SB GA TA FO MP PP MP PK MP
------------------------------------------------------------------------------------
Boyd Devereaux 0 0 0 0 0 1 2 1 0 1 3/9 12:35 0:00 3:57
Daniel Cleary 0 0 0 0 2 3 1 0 0 0 0/0 12:15 0:24 3:47
Dennis Wideman 1 0 1 1 2 2 0 0 1 0 0/0 19:47 4:58 2:04
Dominic Moore 0 2 2 1 2 2 1 1 0 0 10/17 17:44 0:00 3:31
James Neal 1 0 1 0 2 3 1 0 0 0 0/2 19:13 3:20 2:38
Jason Smith 0 0 0 -2 0 0 3 2 0 1 0/0 26:12 4:44 3:01
Johnny Boychuk 0 1 1 2 0 1 1 1 0 0 0/0 20:31 2:41 5:34
Kyle Calder 0 0 0 -1 0 4 2 0 0 3 8/16 19:29 3:23 0:43
Ladislav Smid 0 0 0 -2 0 2 1 3 0 1 0/0 13:27 0:00 0:24
Mats Sundin 0 0 0 -1 0 1 0 0 0 0 0/4 3:12 0:00 0:00
Mike Fisher 0 0 0 -2 0 2 2 1 0 0 7/8 16:10 3:23 2:20
Nathan Paetsch 0 0 0 -2 0 1 0 1 0 0 0/0 13:46 0:14 0:29
Niclas Bergfors 0 0 0 -1 2 2 1 1 0 1 1/1 17:20 3:48 0:00
Nikolai Zherdev 0 0 0 -2 0 2 4 1 0 0 0/1 10:39 1:04 0:00
Ole-Kristian Tollefsen 0 1 1 -1 0 3 5 2 0 2 0/0 26:16 2:41 5:38
Ryan Hollweg 0 0 0 1 0 2 1 1 1 1 1/2 16:49 4:11 0:07
Steve Downie 0 0 0 1 2 1 3 0 0 0 0/1 15:43 3:23 0:00
Todd White 0 0 0 -2 0 0 0 0 0 0 0/0 8:16 0:00 0:07
3 Stars
1 - Todd Bertuzzi (Ott)
2 - Jay McKee (Ott)
3 - Daymond Langkow (Ott)
Power Play
Sénateurs - 1 on 6 Attempt(s) - 16,67%
Sabres - 0 on 6 Attempt(s) - 0,00%
Penalty Kill
Sénateurs - 6 on 6 Attempt(s) - 100,00%
- Score 0 goal in Penalty Kill
Sabres - 5 on 6 Attempt(s) - 83,33%
- Score 1 goal in Penalty Kill
Official
Referees : Peel Tim and Marouelli Dan
Linesman : Steve Barton and Bryan Pancich
Game Notes
Mats Sundin is injured at 10:40 of 1st period (Sore Left Knee)
Finance
Level 1 -- Attendance: 5555 (92,58%) -- Ticket Income 472 175 $
Level 2 -- Attendance: 5000 (100,00%) -- Ticket Income 250 000 $
Level 3 -- Attendance: 1628 (81,40%) -- Ticket Income 52 096 $
Level 4 -- Attendance: 3865 (96,63%) -- Ticket Income 69 570 $
Luxury Box -- Attendance: 971 (97,10%) -- Ticket Income 145 650 $
Game was played at the Duff Garden
Total Attendance: 17019 (94,55%)
Total Ticket Income: 989 491 $
Other Income: 148 424 $
Total Income: 1 137 915 $
Sénateurs
5 vs 5 Forward
Center Left Wing Right Wing Time % Phy DF OF
1 Daymond Langkow Andy McDonald Todd Bertuzzi 40 1 2 2
2 Paul Gaustad Ray Whitney Nikita Alexeev 30 1 2 2
3 Chris Kelly Sean Avery Sami Kapanen 20 1 2 2
4 Vernon Fiddler Ville Nieminen Dan Hinote 10 1 2 2
5 vs 5 Defense
Defense Defense Time % Phy DF OF
1 Vitaly Vishnevsky Jay McKee 40 1 2 2
2 Sami Salo Richard Jackman 30 1 2 2
3 Toni Lydman Dan Girardi 20 1 2 2
4 Vitaly Vishnevsky Jay McKee 10 1 2 2
PowerPlay Forward
Center Left Wing Right Wing Time % Phy DF OF
1 Daymond Langkow Andy McDonald Todd Bertuzzi 60 1 2 2
2 Paul Gaustad Ray Whitney Nikita Alexeev 40 1 2 2
PowerPlay Defense
Defense Defense Time % Phy DF OF
1 Vitaly Vishnevsky Jay McKee 60 1 2 2
2 Sami Salo Richard Jackman 40 1 2 2
Penalty Kill 4 Players Forward
Center Wing Time % Phy DF OF
1 Todd Bertuzzi Daymond Langkow 60 1 2 2
2 Paul Gaustad Chris Kelly 40 1 2 2
Penalty Kill 4 Players Defense
Defense Defense Time % Phy DF OF
1 Vitaly Vishnevsky Jay McKee 60 1 2 2
2 Sami Salo Richard Jackman 40 1 2 2
Penalty Kill - 3 Players Forward
Forward Time % Phy DF OF
1 Todd Bertuzzi 60 1 2 2
2 Daymond Langkow 40 1 2 2
Penalty Kill - 3 Players Defense
Defense Defense Time % Phy DF OF
1 Vitaly Vishnevsky Jay McKee 60 1 2 2
2 Sami Salo Richard Jackman 40 1 2 2
4 vs 4 Forward
Center Wing Time % Phy DF OF
1 Todd Bertuzzi Daymond Langkow 60 1 2 2
2 Paul Gaustad Chris Kelly 40 1 2 2
4 vs 4 Defense
Defense Defense Time % Phy DF OF
1 Vitaly Vishnevsky Jay McKee 60 1 2 2
2 Sami Salo Richard Jackman 40 1 2 2
Last Minutes Offensive
Center Left Wing Right Wing Defense Defense
Daymond Langkow Andy McDonald Todd Bertuzzi Vitaly Vishnevsky Jay McKee
Last Minutes Defensive
Center Left Wing Right Wing Defense Defense
Daymond Langkow Andy McDonald Todd Bertuzzi Vitaly Vishnevsky Jay McKee
Goaltenders
Starting : Jonas Hiller
Backup : Maxime Ouellet
Extra Forwards
Normal : Vernon Fiddler, Sami Kapanen, Sean Avery - PP : Vernon Fiddler, Sami Kapanen - PK : Sean Avery
Extra Defensemen
Normal : Toni Lydman, Dan Girardi, Sami Salo - PP : Toni Lydman - PK : Dan Girardi, Sami Salo
Penalty Shots
Todd Bertuzzi, Daymond Langkow, Paul Gaustad, Chris Kelly, Andy McDonald
Sabres
5 vs 5 Forward
Center Left Wing Right Wing Time % Phy DF OF
1 Dominic Moore Ryan Hollweg Steve Downie 32 2 2 1
2 Mats Sundin James Neal Niclas Bergfors 32 1 2 2
3 Boyd Devereaux Kyle Calder Daniel Cleary 20 1 3 1
4 Mike Fisher Todd White Nikolai Zherdev 16 1 3 1
5 vs 5 Defense
Defense Defense Time % Phy DF OF
1 Ole-Kristian Tollefsen Jason Smith 40 1 3 1
2 Dennis Wideman Johnny Boychuk 30 1 3 1
3 Ladislav Smid Nathan Paetsch 20 1 4 0
4 Ole-Kristian Tollefsen Jason Smith 10 1 1 3
PowerPlay Forward
Center Left Wing Right Wing Time % Phy DF OF
1 Mats Sundin Ryan Hollweg Niclas Bergfors 60 1 0 4
2 Mike Fisher James Neal Steve Downie 40 1 0 4
PowerPlay Defense
Defense Defense Time % Phy DF OF
1 Dennis Wideman Jason Smith 70 0 1 4
2 Ole-Kristian Tollefsen Johnny Boychuk 30 0 1 4
Penalty Kill 4 Players Forward
Center Wing Time % Phy DF OF
1 Dominic Moore Daniel Cleary 60 1 4 0
2 Mike Fisher Boyd Devereaux 40 1 4 0
Penalty Kill 4 Players Defense
Defense Defense Time % Phy DF OF
1 Ole-Kristian Tollefsen Johnny Boychuk 70 1 4 0
2 Dennis Wideman Jason Smith 30 1 4 0
Penalty Kill - 3 Players Forward
Forward Time % Phy DF OF
1 Dominic Moore 50 0 5 0
2 Boyd Devereaux 50 0 5 0
Penalty Kill - 3 Players Defense
Defense Defense Time % Phy DF OF
1 Ole-Kristian Tollefsen Johnny Boychuk 70 1 4 0
2 Dennis Wideman Jason Smith 30 1 4 0
4 vs 4 Forward
Center Wing Time % Phy DF OF
1 Dominic Moore Niclas Bergfors 60 0 3 2
2 Mike Fisher Steve Downie 40 1 3 1
4 vs 4 Defense
Defense Defense Time % Phy DF OF
1 Ole-Kristian Tollefsen Jason Smith 70 0 3 2
2 Dennis Wideman Johnny Boychuk 30 0 3 2
Last Minutes Offensive
Center Left Wing Right Wing Defense Defense
Mats Sundin James Neal Niclas Bergfors Dennis Wideman Jason Smith
Last Minutes Defensive
Center Left Wing Right Wing Defense Defense
Dominic Moore Boyd Devereaux Daniel Cleary Ole-Kristian Tollefsen Jason Smith
Goaltenders
Starting : Michal Neuvirth
Backup : Ty Conklin
Extra Forwards
Normal : Kyle Calder, Mike Fisher, Nikolai Zherdev - PP : Kyle Calder, Nikolai Zherdev - PK : Mats Sundin
Extra Defensemen
Normal : Jason Smith, Ole-Kristian Tollefsen, Dennis Wideman - PP : Nathan Paetsch - PK : Ladislav Smid, Nathan Paetsch
Penalty Shots
Nikolai Zherdev, Niclas Bergfors, Mats Sundin, James Neal, Dominic Moore
% Time on Ice - Sénateurs
Lines # - Real PCT - Wanted PCT - Time Play
Normal Forward
1 - 30% - 40% - 12:27
2 - 27% - 30% - 11:13
3 - 24% - 20% - 10:08
4 - 19% - 10% - 8:03
Normal Defense
1 - 40% - 40% - 16:37
2 - 32% - 30% - 13:32
3 - 22% - 20% - 9:05
4 - 6% - 10% - 2:37
PP Forward
1 - 57% - 60% - 4:55
2 - 43% - 40% - 3:40
PP Defense
1 - 56% - 60% - 4:50
2 - 44% - 40% - 3:45
PK Forward
1 - 85% - 60% - 5:47
2 - 15% - 40% - 1:03
PK Defense
1 - 58% - 60% - 3:57
2 - 42% - 40% - 2:53
PK3 Forward
1 - 100% - 60% - 0:49
2 - 0% - 40% - 0:00
PK3 Defense
1 - 73% - 60% - 0:36
2 - 27% - 40% - 0:13
44 Forward
1 - 80% - 60% - 1:32
2 - 20% - 40% - 0:23
44 Defense
1 - 46% - 60% - 0:53
2 - 54% - 40% - 1:02
Last Minute Offensive - 0:00
Last Minute Defensive - 0:00
Total
Forward - 60:00
Defense - 60:00
|
% Time on Ice - Sabres
Lines # - Real PCT - Wanted PCT - Time Play
Normal Forward
1 - 32% - 32% - 13:20
2 - 32% - 32% - 13:30
3 - 16% - 20% - 6:52
4 - 19% - 16% - 8:09
Normal Defense
1 - 37% - 40% - 15:25
2 - 27% - 30% - 11:28
3 - 31% - 20% - 13:03
4 - 5% - 10% - 1:55
PP Forward
1 - 56% - 60% - 4:16
2 - 44% - 40% - 3:23
PP Defense
1 - 65% - 70% - 4:58
2 - 35% - 30% - 2:41
PK Forward
1 - 84% - 60% - 7:15
2 - 16% - 40% - 1:20
PK Defense
1 - 66% - 70% - 5:38
2 - 34% - 30% - 2:57
PK3 Forward
1 - 0% - 50%
2 - 0% - 50%
PK3 Defense
1 - 0% - 70%
2 - 0% - 30%
44 Forward
1 - 100% - 60% - 1:55
2 - 0% - 40% - 0:00
44 Defense
1 - 57% - 70% - 1:06
2 - 43% - 30% - 0:49
Last Minute Offensive - 0:00
Last Minute Defensive - 0:00
Total
Forward - 60:00
Defense - 60:00
|
Play by Play
1st period
0:01 of 1st period - Andy McDonald wins face-off versus Steve Downie in neutral zone.
0:25 of 1st period - Snap shot by Paul Gaustad.
0:25 of 1st period - Stopped by Michal Neuvirth with a rebound.
0:27 of 1st period - Backhand shot by Sami Salo.
0:27 of 1st period - Shot Blocked by Ole-Kristian Tollefsen.
0:29 of 1st period - Snap shot by Paul Gaustad.
0:29 of 1st period - Shot Misses the Net.
0:31 of 1st period - Slapshot by Richard Jackman.
0:31 of 1st period - Stopped by Michal Neuvirth with a rebound.
0:33 of 1st period - Wrist shot by Ray Whitney.
0:33 of 1st period - Shot Misses the Net.
0:35 of 1st period - Snap shot by Paul Gaustad.
0:35 of 1st period - Stopped by Michal Neuvirth without a rebound.
0:36 of 1st period - Boyd Devereaux wins face-off versus Chris Kelly in Sabres zone.
0:36 of 1st period - Boyd Devereaux is hit by Chris Kelly.
1:02 of 1st period - Vernon Fiddler is hit by Nikolai Zherdev and loses puck.
1:07 of 1st period - Snap shot by Nikolai Zherdev.
1:07 of 1st period - Shot Blocked by Toni Lydman.
1:52 of 1st period - Paul Gaustad is hit by Steve Downie and loses puck.
2:15 of 1st period - Snap shot by Kyle Calder.
2:15 of 1st period - Shot Misses the Net.
2:26 of 1st period - Vitaly Vishnevsky is hit by Johnny Boychuk and loses puck.
3:29 of 1st period - Wrist shot by Kyle Calder.
3:29 of 1st period - Stopped by Jonas Hiller with a rebound.
3:31 of 1st period - Snap shot by Kyle Calder.
3:31 of 1st period - Deflect By Sami Salo.
3:31 of 1st period - Stopped by Jonas Hiller without a rebound.
3:32 of 1st period - Daymond Langkow wins face-off versus Boyd Devereaux in Sénateurs zone.
4:10 of 1st period - Snap shot by Kyle Calder.
4:10 of 1st period - Shot Misses the Net.
4:12 of 1st period - Snap shot by Kyle Calder.
4:12 of 1st period - Stopped by Jonas Hiller without a rebound.
4:13 of 1st period - Paul Gaustad wins face-off versus Mats Sundin in Sénateurs zone.
4:38 of 1st period - Sami Salo is hit by Nikolai Zherdev and loses puck.
4:43 of 1st period - Wrist shot by Nikolai Zherdev.
4:43 of 1st period - Stopped by Jonas Hiller without a rebound.
4:44 of 1st period - Mike Fisher wins face-off versus Daymond Langkow in Sénateurs zone.
4:55 of 1st period - Slapshot by Todd Bertuzzi.
4:55 of 1st period - Goal by Todd Bertuzzi - Sénateurs : 1 - Sabres : 0.
4:56 of 1st period - Dominic Moore wins face-off versus Daymond Langkow in neutral zone.
5:03 of 1st period - Icing by Vitaly Vishnevsky.
5:04 of 1st period - Dominic Moore wins face-off versus Daymond Langkow in Sénateurs zone.
5:29 of 1st period - Snap shot by Todd Bertuzzi.
5:29 of 1st period - Goal by Todd Bertuzzi - Sénateurs : 2 - Sabres : 0.
5:30 of 1st period - Paul Gaustad wins face-off versus Mats Sundin in neutral zone.
6:44 of 1st period - Snap shot by Kyle Calder.
6:44 of 1st period - Shot Blocked by Richard Jackman.
6:46 of 1st period - Snap shot by Boyd Devereaux.
6:46 of 1st period - Stopped by Jonas Hiller with a rebound.
6:48 of 1st period - Snap shot by Boyd Devereaux.
6:48 of 1st period - Shot Misses the Net.
6:50 of 1st period - Snap shot by Daniel Cleary.
6:50 of 1st period - Stopped by Jonas Hiller with a rebound.
6:52 of 1st period - Wrist shot by Kyle Calder.
6:52 of 1st period - Shot Misses the Net.
7:01 of 1st period - Off-side.
7:02 of 1st period - Niclas Bergfors wins face-off versus Paul Gaustad in neutral zone.
7:27 of 1st period - Ryan Hollweg is hit by Todd Bertuzzi and loses puck.
7:34 of 1st period - Wrist shot by Andy McDonald.
7:34 of 1st period - Shot Misses the Net.
7:57 of 1st period - Wrist shot by Sami Kapanen.
7:57 of 1st period - Goal by Sami Kapanen - Sénateurs : 3 - Sabres : 0.
7:58 of 1st period - Daymond Langkow wins face-off versus Mats Sundin in neutral zone.
8:31 of 1st period - Wrist shot by Dominic Moore.
8:31 of 1st period - Stopped by Jonas Hiller with a rebound.
8:33 of 1st period - Snap shot by Steve Downie.
8:33 of 1st period - Shot Hit the Post.
8:45 of 1st period - Vitaly Vishnevsky is hit by Boyd Devereaux and loses puck.
9:07 of 1st period - Slapshot by Mats Sundin.
9:07 of 1st period - Stopped by Jonas Hiller without a rebound.
9:08 of 1st period - Vernon Fiddler wins face-off versus Mats Sundin in Sénateurs zone.
9:13 of 1st period - Wrist shot by Dan Hinote.
9:13 of 1st period - Stopped by Michal Neuvirth without a rebound.
9:14 of 1st period - Dominic Moore wins face-off versus Daymond Langkow in Sabres zone.
9:14 of 1st period - Dominic Moore is hit by Todd Bertuzzi.
9:20 of 1st period - Ole-Kristian Tollefsen is hit by Andy McDonald and loses puck.
9:29 of 1st period - Wrist shot by Ryan Hollweg.
9:29 of 1st period - Shot Misses the Net.
10:07 of 1st period - Snap shot by Kyle Calder.
10:07 of 1st period - Stopped by Jonas Hiller with a rebound.
10:09 of 1st period - Slapshot by Ole-Kristian Tollefsen.
10:09 of 1st period - Shot Misses the Net.
10:11 of 1st period - Slapshot by Ole-Kristian Tollefsen.
10:11 of 1st period - Stopped by Jonas Hiller without a rebound.
10:12 of 1st period - Ryan Hollweg wins face-off versus Daymond Langkow in Sénateurs zone.
10:12 of 1st period - Ryan Hollweg is hit by Vitaly Vishnevsky.
10:39 of 1st period - Mats Sundin is hit by Nikita Alexeev and loses puck.
10:40 of 1st period - Mats Sundin from Sabres is injured at 10:40 of 1st period (Sore Left Knee).
10:41 of 1st period - Daymond Langkow wins face-off versus Kyle Calder in Sabres zone.
10:42 of 1st period - Snap shot by Andy McDonald.
10:42 of 1st period - Shot Blocked by Niclas Bergfors.
10:44 of 1st period - Slapshot by Richard Jackman.
10:44 of 1st period - Stopped by Michal Neuvirth with a rebound.
11:37 of 1st period - Snap shot by Nikolai Zherdev.
11:37 of 1st period - Stopped by Jonas Hiller with a rebound.
11:56 of 1st period - Slapshot by Sami Kapanen.
11:56 of 1st period - Stopped by Michal Neuvirth with a rebound.
12:14 of 1st period - Dennis Wideman is hit by Daymond Langkow and loses puck.
12:44 of 1st period - Minor Penalty to Daniel Cleary for Interference.
12:45 of 1st period - Dominic Moore wins face-off versus Andy McDonald in Sabres zone.
12:45 of 1st period - Dominic Moore is hit by Daymond Langkow.
13:01 of 1st period - Wrist shot by James Neal.
13:01 of 1st period - Goal by James Neal - Sénateurs : 3 - Sabres : 1.
13:02 of 1st period - Dominic Moore wins face-off versus Daymond Langkow in neutral zone.
14:24 of 1st period - Boyd Devereaux is hit by Ray Whitney and loses puck.
14:44 of 1st period - Penalty to Daniel Cleary is over, Daniel Cleary is back on ice.
15:03 of 1st period - Vernon Fiddler is hit by Mike Fisher and loses puck.
15:09 of 1st period - Icing by Sami Salo.
15:10 of 1st period - Mike Fisher wins face-off versus Vernon Fiddler in Sénateurs zone.
15:11 of 1st period - Wrist shot by James Neal.
15:11 of 1st period - Stopped by Jonas Hiller with a rebound.
15:13 of 1st period - Wrist shot by James Neal.
15:13 of 1st period - Stopped by Jonas Hiller with a rebound.
15:15 of 1st period - Snap shot by Ladislav Smid.
15:15 of 1st period - Deflect By Niclas Bergfors.
15:15 of 1st period - Stopped by Jonas Hiller with a rebound.
15:17 of 1st period - Snap shot by Ladislav Smid.
15:17 of 1st period - Deflect By Richard Jackman.
15:17 of 1st period - Stopped by Jonas Hiller without a rebound.
15:18 of 1st period - Mike Fisher wins face-off versus Daymond Langkow in Sénateurs zone.
15:51 of 1st period - Wrist shot by Dominic Moore.
15:51 of 1st period - Shot Misses the Net.
15:53 of 1st period - Slapshot by Nathan Paetsch.
15:53 of 1st period - Stopped by Jonas Hiller with a rebound.
16:19 of 1st period - Snap shot by Dan Hinote.
16:19 of 1st period - Stopped by Michal Neuvirth with a rebound.
16:58 of 1st period - Snap shot by Dominic Moore.
16:58 of 1st period - Shot Misses the Net.
17:00 of 1st period - Slapshot by Johnny Boychuk.
17:00 of 1st period - Deflect By Richard Jackman.
17:00 of 1st period - Stopped by Jonas Hiller with a rebound.
17:02 of 1st period - Slapshot by Dennis Wideman.
17:02 of 1st period - Goal by Dennis Wideman - Sénateurs : 3 - Sabres : 2.
17:03 of 1st period - Dominic Moore wins face-off versus Daymond Langkow in neutral zone.
17:14 of 1st period - Backhand shot by Ryan Hollweg.
17:14 of 1st period - Stopped by Jonas Hiller with a rebound.
17:16 of 1st period - Backhand shot by Jason Smith.
17:16 of 1st period - Shot Misses the Net.
17:18 of 1st period - Wrist shot by Steve Downie.
17:18 of 1st period - Deflect By Ryan Hollweg.
17:18 of 1st period - Shot Misses the Net.
17:18 of 1st period - Puck is out of play.
17:19 of 1st period - Kyle Calder wins face-off versus Paul Gaustad in Sénateurs zone.
17:20 of 1st period - Wrist shot by Niclas Bergfors.
17:20 of 1st period - Shot Blocked by Ray Whitney.
17:45 of 1st period - Snap shot by Sean Avery.
17:45 of 1st period - Stopped by Michal Neuvirth with a rebound.
17:47 of 1st period - Snap shot by Chris Kelly.
17:47 of 1st period - Shot Blocked by Ole-Kristian Tollefsen.
17:49 of 1st period - Slapshot by Sami Salo.
17:49 of 1st period - Stopped by Michal Neuvirth with a rebound.
18:12 of 1st period - Slapshot by Todd Bertuzzi.
18:12 of 1st period - Shot Misses the Net.
18:31 of 1st period - Minor Penalty to Ville Nieminen for Interference.
18:32 of 1st period - Todd Bertuzzi wins face-off versus Nikolai Zherdev in Sénateurs zone.
2nd period
0:01 of 2nd period - Todd Bertuzzi wins face-off versus Kyle Calder in neutral zone.
0:06 of 2nd period - Wrist shot by Daymond Langkow.
0:06 of 2nd period - Stopped by Michal Neuvirth with a rebound.
0:31 of 2nd period - Penalty to Ville Nieminen is over, Ville Nieminen is back on ice.
0:46 of 2nd period - Wrist shot by Paul Gaustad.
0:46 of 2nd period - Stopped by Michal Neuvirth without a rebound.
0:47 of 2nd period - Paul Gaustad wins face-off versus Boyd Devereaux in Sabres zone.
0:50 of 2nd period - Snap shot by Paul Gaustad.
0:50 of 2nd period - Shot Misses the Net.
0:52 of 2nd period - Snap shot by Ray Whitney.
0:52 of 2nd period - Shot Misses the Net.
1:21 of 2nd period - Snap shot by Richard Jackman.
1:21 of 2nd period - Deflect By Chris Kelly.
1:21 of 2nd period - Stopped by Michal Neuvirth with a rebound.
1:54 of 2nd period - Off-side.
1:55 of 2nd period - Mike Fisher wins face-off versus Daymond Langkow in neutral zone.
2:00 of 2nd period - Snap shot by Mike Fisher.
2:00 of 2nd period - Shot Blocked by Todd Bertuzzi.
2:20 of 2nd period - Paul Gaustad is hit by Steve Downie and loses puck.
2:49 of 2nd period - James Neal is hit by Dan Girardi.
2:54 of 2nd period - Off-side.
2:55 of 2nd period - Mike Fisher wins face-off versus Dan Hinote in neutral zone.
3:08 of 2nd period - Wrist shot by Vernon Fiddler.
3:08 of 2nd period - Shot Blocked by Ladislav Smid.
3:10 of 2nd period - Wrist shot by Vernon Fiddler.
3:10 of 2nd period - Shot Misses the Net.
3:28 of 2nd period - Wrist shot by Dominic Moore.
3:28 of 2nd period - Stopped by Jonas Hiller without a rebound.
3:29 of 2nd period - Boyd Devereaux wins face-off versus Paul Gaustad in Sénateurs zone.
3:30 of 2nd period - Snap shot by Kyle Calder.
3:30 of 2nd period - Shot Misses the Net.
3:32 of 2nd period - Wrist shot by Ole-Kristian Tollefsen.
3:32 of 2nd period - Stopped by Jonas Hiller with a rebound.
3:34 of 2nd period - Wrist shot by Daniel Cleary.
3:34 of 2nd period - Stopped by Jonas Hiller without a rebound.
3:35 of 2nd period - Paul Gaustad wins face-off versus Boyd Devereaux in Sénateurs zone.
3:35 of 2nd period - Paul Gaustad is hit by Jason Smith.
4:01 of 2nd period - Steve Downie is hit by Richard Jackman.
4:05 of 2nd period - Andy McDonald is hit by Steve Downie and loses puck.
4:23 of 2nd period - Jay McKee is hit by Ole-Kristian Tollefsen and loses puck.
4:42 of 2nd period - Wrist shot by Mike Fisher.
4:42 of 2nd period - Stopped by Jonas Hiller with a rebound.
6:34 of 2nd period - Slapshot by Dominic Moore.
6:34 of 2nd period - Shot Blocked by Sami Salo.
7:23 of 2nd period - Niclas Bergfors is hit by Andy McDonald.
7:33 of 2nd period - Slapshot by Jay McKee.
7:33 of 2nd period - Stopped by Michal Neuvirth without a rebound.
7:34 of 2nd period - Daymond Langkow wins face-off versus Dominic Moore in Sabres zone.
7:35 of 2nd period - Snap shot by Andy McDonald.
7:35 of 2nd period - Shot Blocked by Johnny Boychuk.
7:37 of 2nd period - Slapshot by Sami Salo.
7:37 of 2nd period - Shot Blocked by Ryan Hollweg.
7:49 of 2nd period - Wrist shot by Steve Downie.
7:49 of 2nd period - Stopped by Jonas Hiller without a rebound.
7:50 of 2nd period - Kyle Calder wins face-off versus Paul Gaustad in Sénateurs zone.
7:52 of 2nd period - Minor Penalty to Dennis Wideman for Hooking.
7:53 of 2nd period - Dominic Moore wins face-off versus Daymond Langkow in Sabres zone.
8:18 of 2nd period - Dominic Moore is hit by Vitaly Vishnevsky and loses puck.
9:52 of 2nd period - Penalty to Dennis Wideman is over, Dennis Wideman is back on ice.
10:15 of 2nd period - Sean Avery is hit by Nikolai Zherdev and loses puck.
10:36 of 2nd period - Minor Penalty to Dan Hinote for Hooking.
10:37 of 2nd period - Todd Bertuzzi wins face-off versus Kyle Calder in Sénateurs zone.
11:10 of 2nd period - Snap shot by Mike Fisher.
11:10 of 2nd period - Stopped by Jonas Hiller without a rebound.
11:11 of 2nd period - Kyle Calder wins face-off versus Todd Bertuzzi in Sénateurs zone.
11:24 of 2nd period - Snap shot by Niclas Bergfors.
11:24 of 2nd period - Shot Blocked by Jay McKee.
11:40 of 2nd period - Paul Gaustad is hit by James Neal and loses puck.
11:46 of 2nd period - Minor Penalty to Vitaly Vishnevsky for Interference.
11:47 of 2nd period - Kyle Calder wins face-off versus Todd Bertuzzi in Sénateurs zone.
12:22 of 2nd period - Off-side.
12:23 of 2nd period - Sean Avery wins face-off versus Kyle Calder in neutral zone.
12:36 of 2nd period - Penalty to Dan Hinote is over, Dan Hinote is back on ice.
12:55 of 2nd period - Wrist shot by Daymond Langkow.
12:55 of 2nd period - Stopped by Michal Neuvirth without a rebound.
12:56 of 2nd period - Mike Fisher wins face-off versus Todd Bertuzzi in Sabres zone.
13:40 of 2nd period - Snap shot by James Neal.
13:40 of 2nd period - Shot Misses the Net.
13:46 of 2nd period - Penalty to Vitaly Vishnevsky is over, Vitaly Vishnevsky is back on ice.
14:05 of 2nd period - Dennis Wideman is hit by Vernon Fiddler and loses puck.
15:23 of 2nd period - Wrist shot by Vernon Fiddler.
15:23 of 2nd period - Stopped by Michal Neuvirth with a rebound.
15:25 of 2nd period - Wrist shot by Ville Nieminen.
15:25 of 2nd period - Shot Blocked by Ladislav Smid.
15:27 of 2nd period - Slapshot by Richard Jackman.
15:27 of 2nd period - Shot Blocked by Ladislav Smid.
15:37 of 2nd period - Nikolai Zherdev is hit by Richard Jackman and loses puck.
15:52 of 2nd period - Slapshot by Ray Whitney.
15:52 of 2nd period - Shot Misses the Net.
15:54 of 2nd period - Snap shot by Nikita Alexeev.
15:54 of 2nd period - Deflect By Ole-Kristian Tollefsen.
15:54 of 2nd period - Stopped by Michal Neuvirth without a rebound.
15:55 of 2nd period - Paul Gaustad wins face-off versus Kyle Calder in Sabres zone.
16:00 of 2nd period - Snap shot by Ray Whitney.
16:00 of 2nd period - Stopped by Michal Neuvirth without a rebound.
16:01 of 2nd period - Boyd Devereaux wins face-off versus Daymond Langkow in Sabres zone.
16:12 of 2nd period - Daniel Cleary is hit by Daymond Langkow.
16:16 of 2nd period - Wrist shot by Daymond Langkow.
16:16 of 2nd period - Shot Blocked by Boyd Devereaux.
17:06 of 2nd period - Wrist shot by Vernon Fiddler.
17:06 of 2nd period - Shot Blocked by Mike Fisher.
17:08 of 2nd period - Snap shot by Ville Nieminen.
17:08 of 2nd period - Shot Blocked by Nikolai Zherdev.
17:10 of 2nd period - Slapshot by Toni Lydman.
17:10 of 2nd period - Shot Misses the Net.
17:12 of 2nd period - Wrist shot by Vernon Fiddler.
17:12 of 2nd period - Shot Misses the Net.
17:14 of 2nd period - Slapshot by Dan Hinote.
17:14 of 2nd period - Shot Misses the Net.
17:28 of 2nd period - Slapshot by Paul Gaustad.
17:28 of 2nd period - Shot Misses the Net.
17:30 of 2nd period - Snap shot by Nikita Alexeev.
17:30 of 2nd period - Stopped by Michal Neuvirth with a rebound.
17:32 of 2nd period - Wrist shot by Paul Gaustad.
17:32 of 2nd period - Stopped by Michal Neuvirth without a rebound.
17:33 of 2nd period - Paul Gaustad wins face-off versus Dominic Moore in Sabres zone.
17:48 of 2nd period - Wrist shot by Nikita Alexeev.
17:48 of 2nd period - Deflect By Ray Whitney.
17:48 of 2nd period - Shot Blocked by Nathan Paetsch.
17:48 of 2nd period - Puck is out of play.
17:49 of 2nd period - Andy McDonald wins face-off versus Kyle Calder in Sabres zone.
18:02 of 2nd period - Jay McKee is hit by Ole-Kristian Tollefsen and loses puck.
18:15 of 2nd period - Nikita Alexeev is hit by Dominic Moore and loses puck.
18:19 of 2nd period - Minor Penalty to Dominic Moore for Tripping.
18:20 of 2nd period - Daymond Langkow wins face-off versus Boyd Devereaux in Sabres zone.
19:18 of 2nd period - Todd Bertuzzi is hit by Daniel Cleary and loses puck.
3rd period
0:01 of 3rd period - Daymond Langkow wins face-off versus Boyd Devereaux in neutral zone.
0:19 of 3rd period - Penalty to Dominic Moore is over, Dominic Moore is back on ice.
0:26 of 3rd period - Daniel Cleary is hit by Jay McKee and loses puck.
0:57 of 3rd period - Backhand shot by Daniel Cleary.
0:57 of 3rd period - Stopped by Jonas Hiller with a rebound.
1:11 of 3rd period - Dan Girardi is hit by Kyle Calder and loses puck.
1:59 of 3rd period - Off-side.
2:00 of 3rd period - Vernon Fiddler wins face-off versus Dominic Moore in neutral zone.
3:47 of 3rd period - Todd Bertuzzi is hit by Kyle Calder and loses puck.
4:33 of 3rd period - Minor Penalty to Steve Downie for Hooking.
4:34 of 3rd period - Nikita Alexeev wins face-off versus Dominic Moore in Sabres zone.
4:49 of 3rd period - Daniel Cleary is hit by Vitaly Vishnevsky and loses puck.
5:50 of 3rd period - Icing by Nikita Alexeev.
5:51 of 3rd period - Ray Whitney wins face-off versus Boyd Devereaux in Sénateurs zone.
6:33 of 3rd period - Penalty to Steve Downie is over, Steve Downie is back on ice.
6:42 of 3rd period - Slapshot by Kyle Calder.
6:42 of 3rd period - Shot Misses the Net.
6:44 of 3rd period - Snap shot by Ladislav Smid.
6:44 of 3rd period - Stopped by Jonas Hiller without a rebound.
6:45 of 3rd period - Kyle Calder wins face-off versus Chris Kelly in Sénateurs zone.
7:00 of 3rd period - Snap shot by Sami Kapanen.
7:00 of 3rd period - Shot Misses the Net.
7:47 of 3rd period - Slapshot by Vernon Fiddler.
7:47 of 3rd period - Stopped by Michal Neuvirth without a rebound.
7:48 of 3rd period - Daymond Langkow wins face-off versus Dominic Moore in Sabres zone.
7:50 of 3rd period - Minor Penalty to Daymond Langkow for Hooking.
7:51 of 3rd period - Todd Bertuzzi wins face-off versus Ryan Hollweg in Sénateurs zone.
8:00 of 3rd period - Wrist shot by Jason Smith.
8:00 of 3rd period - Shot Blocked by Vitaly Vishnevsky.
8:33 of 3rd period - Icing by Dennis Wideman.
8:34 of 3rd period - Chris Kelly wins face-off versus Mike Fisher in Sabres zone.
8:45 of 3rd period - Slapshot by Dennis Wideman.
8:45 of 3rd period - Stopped by Jonas Hiller without a rebound.
8:46 of 3rd period - Kyle Calder wins face-off versus Sean Avery in Sénateurs zone.
9:10 of 3rd period - Andy McDonald is hit by Ole-Kristian Tollefsen and loses puck.
9:50 of 3rd period - Penalty to Daymond Langkow is over, Daymond Langkow is back on ice.
9:57 of 3rd period - Snap shot by Boyd Devereaux.
9:57 of 3rd period - Shot Blocked by Richard Jackman.
9:59 of 3rd period - Slapshot by Jason Smith.
9:59 of 3rd period - Shot Blocked by Sami Salo.
10:01 of 3rd period - Snap shot by Boyd Devereaux.
10:01 of 3rd period - Shot Blocked by Ray Whitney.
10:37 of 3rd period - Chris Kelly is hit by Ladislav Smid and loses puck.
10:54 of 3rd period - Minor Penalty to Nikita Alexeev for Hooking.
10:55 of 3rd period - Todd Bertuzzi wins face-off versus Kyle Calder in Sénateurs zone.
10:55 of 3rd period - Todd Bertuzzi is hit by Ryan Hollweg.
10:58 of 3rd period - Minor Penalty to Niclas Bergfors for Holding.
10:59 of 3rd period - Dominic Moore wins face-off versus Todd Bertuzzi in Sabres zone.
11:06 of 3rd period - Snap shot by Daymond Langkow.
11:06 of 3rd period - Shot Misses the Net.
11:08 of 3rd period - Backhand shot by Daymond Langkow.
11:08 of 3rd period - Goal by Daymond Langkow - Sénateurs : 4 - Sabres : 2.
11:09 of 3rd period - Kyle Calder wins face-off versus Todd Bertuzzi in neutral zone.
11:12 of 3rd period - Jay McKee is hit by Ole-Kristian Tollefsen and loses puck.
11:49 of 3rd period - Wrist shot by Todd Bertuzzi.
11:49 of 3rd period - Stopped by Michal Neuvirth without a rebound.
11:50 of 3rd period - Mike Fisher wins face-off versus Paul Gaustad in Sabres zone.
12:54 of 3rd period - Penalty to Nikita Alexeev is over, Nikita Alexeev is back on ice.
12:58 of 3rd period - Penalty to Niclas Bergfors is over, Niclas Bergfors is back on ice.
12:58 of 3rd period - Todd Bertuzzi is hit by Jason Smith and loses puck.
13:11 of 3rd period - Wrist shot by Niclas Bergfors.
13:11 of 3rd period - Stopped by Jonas Hiller without a rebound.
13:12 of 3rd period - Paul Gaustad wins face-off versus James Neal in Sénateurs zone.
13:23 of 3rd period - Snap shot by Paul Gaustad.
13:23 of 3rd period - Stopped by Michal Neuvirth with a rebound.
13:25 of 3rd period - Slapshot by Jay McKee.
13:25 of 3rd period - Shot Misses the Net.
13:27 of 3rd period - Backhand shot by Ray Whitney.
13:27 of 3rd period - Stopped by Michal Neuvirth without a rebound.
13:28 of 3rd period - Dominic Moore wins face-off versus Chris Kelly in Sabres zone.
13:53 of 3rd period - Vitaly Vishnevsky is hit by Niclas Bergfors.
15:04 of 3rd period - Snap shot by Sami Kapanen.
15:04 of 3rd period - Stopped by Michal Neuvirth with a rebound.
15:06 of 3rd period - Snap shot by Sami Kapanen.
15:06 of 3rd period - Stopped by Michal Neuvirth with a rebound.
15:08 of 3rd period - Wrist shot by Sean Avery.
15:08 of 3rd period - Shot Blocked by Dominic Moore.
15:18 of 3rd period - Snap shot by Steve Downie.
15:18 of 3rd period - Deflect By Jay McKee.
15:18 of 3rd period - Shot Misses the Net.
15:18 of 3rd period - Puck is out of play.
15:19 of 3rd period - Ray Whitney wins face-off versus James Neal in Sénateurs zone.
15:19 of 3rd period - Ray Whitney is hit by Jason Smith.
15:22 of 3rd period - Dan Girardi is hit by Mike Fisher and loses puck.
15:54 of 3rd period - Slapshot by Kyle Calder.
15:54 of 3rd period - Shot Blocked by Daymond Langkow.
15:56 of 3rd period - Slapshot by Ole-Kristian Tollefsen.
15:56 of 3rd period - Deflect By Daymond Langkow.
15:56 of 3rd period - Stopped by Jonas Hiller with a rebound.
16:51 of 3rd period - Toni Lydman is hit by Nikolai Zherdev and loses puck.
17:03 of 3rd period - Minor Penalty to James Neal for Holding Stick.
17:04 of 3rd period - Dominic Moore wins face-off versus Daymond Langkow in Sabres zone.
17:29 of 3rd period - Jay McKee is hit by Boyd Devereaux and loses puck.
17:38 of 3rd period - Wrist shot by Sami Salo.
17:38 of 3rd period - Goal by Sami Salo - Sénateurs : 5 - Sabres : 2.
17:39 of 3rd period - Daymond Langkow wins face-off versus Dominic Moore in neutral zone.
17:52 of 3rd period - Slapshot by Andy McDonald.
17:52 of 3rd period - Shot Blocked by Jason Smith.
18:13 of 3rd period - Wrist shot by Paul Gaustad.
18:13 of 3rd period - Shot Blocked by Jason Smith.
18:21 of 3rd period - Ray Whitney is hit by Ole-Kristian Tollefsen and loses puck.
18:32 of 3rd period - Kyle Calder is hit by Sami Salo and loses puck.
18:37 of 3rd period - Snap shot by Sami Kapanen.
18:37 of 3rd period - Shot Misses the Net.
18:39 of 3rd period - Wrist shot by Sami Kapanen.
18:39 of 3rd period - Stopped by Michal Neuvirth without a rebound.
18:40 of 3rd period - Daymond Langkow wins face-off versus Dominic Moore in Sabres zone.
19:14 of 3rd period - Slapshot by Sami Kapanen.
19:14 of 3rd period - Stopped by Michal Neuvirth with a rebound.
19:26 of 3rd period - Slapshot by Dennis Wideman.
19:26 of 3rd period - Deflect By Ryan Hollweg.
19:26 of 3rd period - Stopped by Jonas Hiller without a rebound.
19:27 of 3rd period - Kyle Calder wins face-off versus Paul Gaustad in Sénateurs zone.
19:31 of 3rd period - Minor Penalty to Nikita Alexeev for Holding.
19:32 of 3rd period - Todd Bertuzzi wins face-off versus Kyle Calder in Sénateurs zone.
19:47 of 3rd period - Snap shot by Todd Bertuzzi.
19:47 of 3rd period - Shot Misses the Net.
19:59 of 3rd period - Dennis Wideman is hit by Chris Kelly and loses puck.
Output by the SimonT Hockey Simulator (STHS) for François Prévost -- Original Page W3C XHTML 1.0 Valid